 Dungeon Crawl Stone Soup version 0.32-a0-607-g64ea0e4219 (webtiles) character file.

Game seed: 3238508987698434584

35 ytrimaz the Charlatan (level 3, -3/26 HPs)
             Began as a Coglin Artificer on Mar 4, 2024.
             Slain by a scorpion (5 damage)
             ... on level 2 of the Dungeon.
             The game lasted 00:01:49 (1100 turns).

ytrimaz the Charlatan (Coglin Artificer)            Turns: 1100, Time: 00:01:50

Health: -3/26      AC:  3    Str: 14    XL:     3   Next: 33%
Magic:  3/3        EV: 11    Int: 10    God:
Gold:   66         SH:  0    Dex: 14    Spells: 2/2 levels left

rFire   . . .        i - +0 hand axe {Kulveer}
rCold   . . .        f - +0 dagger {Qiuyue}
rNeg    . . .        b - +0 leather armour
rPois   .            (no helmet)
rElec   .            (no cloak)
rCorr   .            (no gloves)
SInv    .            (no boots)
Will    .....        (amulet unavailable)
Stlth   +            (ring unavailable)
HPRegen 0.24/turn    (ring unavailable)
MPRegen 0.08/turn    (no gizmo)

%: no passive effects
@: revving
A: off-hand wielding, slow wielding, warmup strikes, no jewellery
a: Invent Gizmo


You were on level 2 of the Dungeon.
You visited 1 branch of the dungeon, and saw 2 of its levels.

You collected 66 gold pieces.


Innate Abilities, Weirdness & Mutations

You can wield a second weapon in your off-hand.
It takes a long time for you to wield or remove held weapons.
Your first few attacks do less damage.
You cannot equip rings or amulets.


   Skills:
 - Level 1.0 Fighting
 - Level 1.7 Armour
 - Level 0.8 Dodging
 - Level 0.7 Stealth
 + Level 5.8 Evocations


You had 2 spell levels left.
You didn't know any spells.
Your spell library was empty.

Inventory:

Hand Weapons
 a - a +0 club {Eshargamelat}
 f - a +0 dagger (offhand) {Qiuyue}
 i - a +0 hand axe (weapon) {Kulveer}
   (You found it on level 1 of the Dungeon)
Armour
 b - a +0 leather armour (worn)
Wands
 c - a wand of flame (13) (quivered)
 d - a wand of charming (15)
 e - a wand of iceblast (5)
Scrolls
 g - 7 scrolls of identify {unknown}
 h - a scroll of butterflies {unknown}
 k - a scroll of vulnerability {unknown}
Potions
 j - a potion of resistance {unknown}

Dungeon Overview and Level Annotations

Branches:
Dungeon (1/15) Zot: 10888

Altars:

##### #.... ## #.### .#
#.# #### #####.# #.# #..
(.##.###.# #s#
#.#...[..# #@#
#...###..# #.# #...#
#.## (#### #.#
#.#.###.####
....[.#.#####.#.........
#..$.........#######
#...#........>.[.....
#.........#############
#.#...#.#...
.......>.#####


You could see a scorpion.


Message History

You hit the frilled lizard with your +0 dagger.
You kill the frilled lizard! 😮 HP[+1] Unknown command.
You hit the rat with your +0 hand axe.
You kill the rat!
A frilled lizard comes into view.
You are too injured to fight recklessly!
You see here a rat corpse.
You are too injured to fight recklessly!
Unknown command.
You hit the frilled lizard but do no damage.
You hit the frilled lizard with your +0 dagger.
You kill the frilled lizard!
You see here a frilled lizard corpse. 😮 HP[+1]
You are too injured to fight recklessly!
Unknown command.
Unknown command.
g - 6 scrolls labelled QONEER MEXZEXIKHUP (gained 1)
You now have 40 gold pieces (gained 10).
k - a scroll labelled NOSAMETUDD 😎 HP[+11]
Your hp is fully restored (26).
You now have 52 gold pieces (gained 12).
You see here a frilled lizard corpse.
You see here a rat corpse.
You now have 56 gold pieces (gained 4).
You now have 62 gold pieces (gained 6).
Key pressed, stopping explore.
Unknown command.
g - 7 scrolls labelled QONEER MEXZEXIKHUP (gained 1)
You now have 66 gold pieces (gained 4).
A giant cockroach comes into view.
A giant cockroach is nearby!
A giant cockroach is nearby!
A giant cockroach is nearby!
A giant cockroach is nearby!
Unknown command.
You closely miss the giant cockroach with your +0 dagger.
You hit the giant cockroach with your +0 hand axe.
The giant cockroach barely misses you.
You barely miss the giant cockroach with your +0 hand axe.
You hit the giant cockroach but do no damage.
The giant cockroach bites you but does no damage.
You closely miss the giant cockroach with your +0 hand axe.
You hit the giant cockroach with your +0 dagger.
The giant cockroach bites you but does no damage. x2
Unknown command.
You hit the giant cockroach with your +0 hand axe.
You kill the giant cockroach!
No target in view!
Unknown command.
Found a stone staircase leading down.
No target in view!
Unknown command.
No target in view!
Unknown command.
No target in view!
You see here a +0 robe.
Found a stone staircase leading down.
A scorpion comes into view.
You see here 8 gold pieces.
A scorpion is nearby!
A scorpion is nearby!
The scorpion stings you. 😕 HP[-5]
You take 5 damage, and now have 21/26 hp.
Unknown command.
You closely miss the scorpion with your +0 hand axe.
You barely miss the scorpion with your +0 dagger.
The scorpion stings you.
The scorpion barely misses you. 😮 HP[-5]
You take 5 damage, and now have 16/26 hp.
You are too injured to fight recklessly!
Unknown command.
You hit the scorpion with your +0 dagger.
You closely miss the scorpion with your +0 hand axe.
The scorpion stings you.
* * * LOW HITPOINT WARNING * * *
😨 HP[-4]
You take 4 damage, and now have 12/26 hp.
Unknown command.
Aiming: Throw Flame
Press: ? - help, Q - select action, (/) - cycle Shift-Dir - straight line, f - scorpion
Aim: a scorpion (lightly wounded, 74% to hit)
The puff of flame hits the scorpion.
The scorpion stings you.
* * * LOW HITPOINT WARNING * * *
😨 HP[-3]
You take 3 damage, and now have 9/26 hp.
Unknown command.
Aiming: Throw Flame
Press: ? - help, Q - select action, (/) - cycle Shift-Dir - straight line, f/p - scorpion
Aim: a scorpion (heavily wounded, 74% to hit)
The puff of flame misses the scorpion.
The scorpion stings you!
* * * LOW HITPOINT WARNING * * *
The scorpion stings you.
You die...

Skill      XL: |  1  2 |
---------------+-------+-----
Evocations     | 5 |  5.8
Fighting       | |  1.0
Armour         | |  1.7
Dodging        | |  0.8
Stealth        | |  0.7

Action                     || total
---------------------------++-------
  Melee: Dagger            ||    63
         Club              ||    41
         Hand axe          ||    16
  Evoke: Wand              ||     2
 Armour: Leather armour    ||    55
  Dodge: Dodged            ||    35

Levels and vault maps discovered:
D:1:      roadster_arrival_rocket_large, layout_basic,
          chequers_serial_rivers_micro_e, patterned_corridor
D:2:      layout_loops_ring, ebering_ecumenical_altar_webs, minmay_circle_x

Notes
Turn   | Place    | Note
-------+----------+-------------------------------------------
     0 | D:1      | ytrimaz the Coglin Artificer began the quest for the Orb.
     0 | D:1      | Reached XP level 1. HP: 15/15 MP: 1/1
     0 | D:1      | magus.rc [v1.9.6]
   174 | D:1      | Reached XP level 2. HP: 21/21 MP: 2/2
   665 | D:1      | Reached skill level 5 in Evocations
   906 | D:1      | You fall into a shaft and drop 1 floor!
   921 | D:2      | Reached XP level 3. HP: 14/26 MP: 3/3
  1092 | D:2      | Noticed a scorpion
  1100 | D:2      | HP: 2/26 [scorpion (7)]
  1100 | D:2      | Slain by a scorpion

Vanquished Creatures
  An adder (D:2)
  2 dart slugs (D:1)
  2 giant cockroaches
  A goblin (D:1)
  3 hobgoblins
  2 kobolds (D:1)
  A quokka (D:1)
  A ball python (D:1)
  2 bats (D:1)
  2 frilled lizards (D:2)
  5 rats
22 creatures vanquished.

Table legend:
 A = Non-vault XP
 B = Vault XP
 C = Vault XP percentage of total XP
 D = Non-vault monster count
 E = Vault monster count
 F = Vault count percentage of total count
                 A         B        C        D         E       F
            +---------+---------+-------+---------+---------+-------
      Total |      45 |       5 |  10.0 |      18 |       4 |  18.2
            +---------+---------+-------+---------+---------+-------
        D:1 |      30 |       0 |   0.0 |      16 |       0 |   0.0
        D:2 |      15 |       5 |  25.0 |       2 |       4 |  66.7
            +---------+---------+-------+---------+---------+-------

Skill      XL: |  1  2 |
---------------+-------+-----
Evocations     | 5 |  5.8
Fighting       | |  1.0
Armour         | |  1.7
Dodging        | |  0.8
Stealth        | |  0.7

Action                     || total
---------------------------++-------
  Melee: Dagger            ||    63
         Club              ||    41
         Hand axe          ||    16
  Evoke: Wand              ||     2
 Armour: Leather armour    ||    55
  Dodge: Dodged            ||    35

Illustrated notes

Table legend:
 A = Kills in this place as a percentage of kills in the entire game.
 B = Kills by you in this place as a percentage of kills by you in the entire game.
 C = Kills by friends in this place as a percentage of kills by friends in the entire game.
 D = Other kills in this place as a percentage of other kills in the entire game.
 E = Experience gained in this place as a percentage of experience gained in the entire game.
 F = Experience gained in this place divided by the number of levels of this place that you have seen.
                   A       B       C       D       E      F
               +-------+-------+-------+-------+-------+----------------------
         Total | 100.0 | 100.0 |   N/A |   N/A | 100.0 |  25.0
       Dungeon | 100.0 | 100.0 |   N/A |   N/A | 100.0 |  25.0
               +-------+-------+-------+-------+-------+----------------------

Table legend: (Time is in decaauts)
 A = Elapsed time spent in this place.
 B = Non-inter-level travel time spent in this place.
 C = Inter-level travel time spent in this place.
 D = Time resting spent in this place.
 E = Time spent auto-exploring this place.
 F = Levels seen in this place.
 G = Mean time per level.
                   A        B        C        D        E       F      G
               +--------+--------+--------+--------+--------+-----+--------+
         Total |   1110 |    953 |    157 |      0 |    758 |   2 |  555.0 |
       Dungeon |   1110 |    953 |    157 |      0 |    758 |   2 |  555.0 |
               +--------+--------+--------+--------+--------+-----+--------+

Top non-repeatable levels by time:
     D:1: 913 daAuts
     D:2: 196 daAuts
